 Dungeon Crawl Stone Soup version 0.25.1-2-g60ff931df9 (webtiles) character file.

Game seed: 5705824045761343037

424 Gunterle the Distorting Demonspawn (level 6, 48/48 HPs)
             Began as a Demonspawn Abyssal Knight on Sept 27, 2020.
             Was a Believer of Lugonu.
             Got out of the dungeon alive.
             The game lasted 00:19:02 (8242 turns).

Gunterle the Distorting Demonspawn (DsAK)           Turns: 8242, Time: 00:19:02

Health: 48/48      AC:  6    Str: 13    XL:     6   Next: 64%
Magic:  9/9        EV: 11    Int: 14    God:    Lugonu [**....]
Gold:   283        SH:  0    Dex: 13    Spells: 5/5 levels left

rFire    . . .     SeeInvis .   a - +1 hand axe
rCold    + . .     Gourm    .   (no shield)
rNeg     . . .     Faith    .   q - +0 ring mail {rPois}
rPois    +         Spirit   .   w - +0 helmet
rElec    .         Reflect  .   (no cloak)
rCorr    .         Harm     .   (no gloves)
MR       +....                  (no boots)
Stlth    +.........             (no amulet)
HPRegen  0.16/turn              z - ring of protection from magic
MPRegen  0.11/turn              (no ring)

@: no status effects
A: cold resistance 1
a: Depart the Abyss, Bend Space, Renounce Religion


You escaped.
You worshipped Lugonu.
Lugonu was pleased with you.
You were very hungry.

You visited 2 branches of the dungeon, and saw 6 of its levels.
You visited the Abyss 1 time.

You collected 283 gold pieces.

Inventory:

Hand Weapons
 a - a +1 hand axe (weapon)
Missiles
 b - 79 stones
 r - 4 javelins
 s - 9 poisoned darts (quivered)
 y - 8 atropa-tipped darts
 B - a throwing net
Armour
 g - a +0 leather armour
 o - a +0 kite shield
 q - a +0 ring mail of poison resistance (worn)
 w - a +0 helmet (worn)
Magical Staves
 A - an uncursed staff of energy
Jewellery
 n - an uncursed ring of protection from fire
 z - a ring of protection from magic (left hand)
Wands
 C - a wand of digging (2)
Scrolls
 d - a scroll of noise
 e - a scroll of teleportation {unknown}
 f - a scroll of enchant armour {unknown}
 h - 3 scrolls of remove curse
 l - a scroll of fear {unknown}
Potions
 i - a potion of might
 j - a potion of heal wounds
 k - 2 potions of magic {unknown}
 m - a potion of cancellation {unknown}
 p - a potion of flight {unknown}
 t - a potion of invisibility {unknown}
 u - a potion of curing {unknown}
 v - a potion of degeneration {unknown}
 x - a potion of brilliance {unknown}
Comestibles
 c - 8 rations


   Skills:
 + Level 4.0 Fighting
 * Level 4.0 Axes
 * Level 3.1 Armour
 + Level 2.4 Dodging
 + Level 4.3 Invocations
 + Level 0.4 Evocations


You had 5 spell levels left.
You didn't know any spells.
Your spell library contained the following spells:

 Spells                   Type           Power        Failure   Level  Hunger
 Magic Dart               Conj           #...         52%         1    ##.....
 Blink                    Tloc           N/A          65%         2    ###....
 Call Imp                 Summ           #.......     65%         2    ###....
 Slow                     Hex            #.......     65%         2    ###....
 Conjure Flame            Conj/Fire      #.......     87%         3    ####...
 Mephitic Cloud           Conj/Pois/Air  #.......     87%         3    ####...


Dungeon Overview and Level Annotations

Branches:
Dungeon (5/15)             Temple (1/1) D:4

Altars:
Dithmenos
Nemelex Xobeh
Okawaru
Vehumet
Zin

Annotations:
D:2 Terence


Innate Abilities, Weirdness & Mutations

Your flesh is cold resistant. (rC+)


Message History

What level of the Dungeon? (default 1, ? - help)
You climb upwards.
There is a stone staircase leading down here.
There is a stone staircase leading up here.
You climb upwards.
There is a stone staircase leading down here.
There is a stone staircase leading up, spattered with blood here.
You climb upwards.
Level annotation: Terence
There is a stone staircase leading down here.
You are feeling very hungry.
(D) Dungeon (T) Temple
Where to? (Enter - D:1 @ (x,y), ? - help)
What level of the Dungeon? (default 1, ? - help)
There is a stone staircase leading up here.
You climb upwards.
There is a stone staircase leading down here.
There is a staircase leading out of the dungeon here.
Are you sure you want to leave the Dungeon?
This will make you lose the game!
You have escaped!

# ##############..# #.# #.# #
#..# #.# #.# # #..# #.# #.# #
#..# ####.###.# #
####..####........# #
#.............[.♣♣♣ #
#...............♣.. ####
##.................. ...#
#..@.............♣P♣ .♣.♣
#.....8..........♣♣♣
#♣.♣##########......♣..........#.
♣.♣....................########.
#...##########.........# #. #####
#.........# ####. ###....####
#.... ####.# #.##. #.# #.###


There were no monsters in sight!

Vanquished Creatures
  A crimson imp (D:4)
  A hound (D:4)
  2 orc priests
  2 iguanas
  3 worker ants
  3 gnolls (D:3)
  2 adders
  3 oozes
  3 worms
  4 dart slugs
  2 leopard geckos
  7 orcs
  A ball python (D:3)
  8 bats
  4 giant cockroaches
  11 hobgoblins
  7 jackals
  2 quokkas
  9 frilled lizards
  9 goblins
  9 kobolds
  A leopard gecko skeleton (D:4)
  2 quokka skeletons (D:4)
  8 rats
104 creatures vanquished.

Notes
Turn   | Place    | Note
-------+----------+-------------------------------------------
     0 | Abyss:1  | Gunterle the Demonspawn Abyssal Knight began the quest for
                  | the Orb.
     0 | Abyss:1  | Reached XP level 1. HP: 18/18 MP: 2/2
     0 | Abyss:1  | Found a corrupted altar of Lugonu.
    51 | Abyss:1  | Noticed a smoke demon
    52 | D:1      | Escaped the Abyss
   135 | D:1      | Reached skill level 1 in Dodging
   197 | D:1      | Gained mutation: Your flesh is cold resistant. (rC+)
                  | [demonic ancestry]
   197 | D:1      | Reached XP level 2. HP: 20/24 MP: 3/3
   270 | D:1      | Reached * piety under Lugonu
  1185 | D:2      | Found a glowing silver altar of Zin.
  1185 | D:2      | Found an iron altar of Okawaru.
  1185 | D:2      | Found a radiant altar of Vehumet.
  1190 | D:2      | Reached XP level 3. HP: 28/29 MP: 5/5
  1424 | D:2      | Noticed Terence
  2081 | D:2      | Reached ** piety under Lugonu
  2439 | D:2      | Found a shadowy altar of Dithmenos.
  3124 | D:3      | Reached XP level 4. HP: 35/35 MP: 6/6
  3352 | D:3      | HP: 1/35 [rat (3)]
  4461 | D:3      | Reached XP level 5. HP: 41/41 MP: 7/7
  5513 | D:4      | Found a staircase to the Ecumenical Temple.
  5519 | Temple   | Entered the Ecumenical Temple
  6556 | D:5      | Entered Level 5 of the Dungeon
  6617 | D:4      | Reached XP level 6. HP: 32/48 MP: 8/8
  7112 | D:5      | Found a sparkling altar of Nemelex Xobeh.
  8242 | D:$      | Got out of the dungeon alive.

Illustrated notes

Levels and vault maps discovered:
D:1:      wander_arrival_lonely_grave, layout_loops_ring, serial_forest,
          infiniplex_forest_lined_1, infiniplex_forest_lined_2,
          infiniplex_forest_straight_1, infiniplex_forest_straight_5,
          infiniplex_forest_zigzag_1, fountainhead, minmay_pentomino_p2
D:2:      layout_loops_ring, chequers_temple_overflow_statue_of_worship,
          grunt_dithmenos_smoke_and_mirrors, first_ration, uniq_terence
D:3:      layout_basic, kennysheep_big_empty_room, minmay_door_square
D:4:      cheibrodos_barr_body, layout_layer_cave, temple_green
D:5:      layout_loops_corners, old_standard_altar
Temple:   regret_index_temple_generic_petals

Skill      XL: |  1  2  3  4  5  6 |
---------------+-------------------+-----
Dodging        | 1 2 |  2.4
Axes           | 2 3 4 |  4.0
Armour         | 2 3 |  3.1
Invocations    | 3 4 |  4.3
Fighting       | 4 |  4.0
Evocations     | |  0.4

Action                   |  1- 3 |  4- 6 || total
-------------------------+-------+-------++-------
Melee: Hand axe          |   224 |   227 ||   451
Throw: Stone             |     5 |     4 ||     9
       Javelin           |     2 |    27 ||    29
       Dart              |       |    33 ||    33
       Throwing net      |       |     4 ||     4
Invok: Depart the Abyss  |     1 |       ||     1
       Bend Space        |       |     3 ||     3
  Use: Potion            |       |     3 ||     3
       Scroll            |       |     3 ||     3
 Stab: Sleeping          |       |     1 ||     1
  Eat: Chunk             |     7 |    12 ||    19
       Ration            |       |     1 ||     1
Armor: Leather armour    |    57 |    34 ||    91
       Ring mail         |       |     8 ||     8
Dodge: Dodged            |   157 |   130 ||   287
